 Dungeon Crawl Stone Soup version 0.31-a0-806-g0bc164a743 (webtiles) character file.

Game seed: 11234389958744376573

9152 Gargoyl the Cleaver (level 11, 0/69 HPs)
             Began as a Gargoyle Berserker on Sept 21, 2023.
             Was a Believer of Trog.
             Slain by a black mamba (7 damage)
             ... on level 1 of the Lair of Beasts.
             The game lasted 00:10:03 (6555 turns).

Gargoyl the Cleaver (Gargoyle Berserker)            Turns: 6555, Time: 00:10:05

Health: 0/69       AC: 28    Str: 20    XL:     11   Next: 42%
Magic:  11/11      EV:  8    Int:  9    God:    Trog [**....]
Gold:   567        SH:  0    Dex: 13    Spells: 10/10 levels left

rFire   + . .        a - +4 hand axe (freeze)
rCold   . . .        (no shield)
rNeg    + . .        s - +0 plate armour
rPois   ∞            (no helmet)
rElec   +            n - +1 cloak
rCorr   .            p - +0 pair of gloves
SInv    .            (no boots)
Will    +++..        k - amulet of regeneration Stlth
                     t - ring of willpower
HPRegen 2.11/turn    v - ring of protection from fire
MPRegen 0.12/turn

%: no passive effects
@: strong-willed (expiring), on berserk cooldown, regenerating (expiring),
slowed, very slow
A: sickness immunity, AC +8, negative energy resistance 1, electricity
resistance, torment resistance 1, petrification resistance, iridescent scales 1,
camouflage 1, MP-powered wands
a: Renounce Religion, Berserk, Trog's Hand


You were on level 1 of the Lair of Beasts.
You worshipped Trog.
Trog was pleased with you.
You visited 2 branches of the dungeon, and saw 10 of its levels.

You collected 567 gold pieces.

Inventory:

Hand Weapons
 a - a +4 hand axe of freezing (weapon)
 d - a +4 whip
Missiles
 u - a throwing net
 x - 12 poisoned darts
 z - a curare-tipped dart (quivered)
Armour
 n - a +1 cloak (worn)
 p - a +0 pair of gloves (worn)
 s - a +0 plate armour (worn)
Jewellery
 k - an amulet of regeneration (around neck)
 t - a ring of willpower (left hand)
 v - a ring of protection from fire (right hand)
Wands
 h - a wand of light (9)
 j - a wand of charming (14)
 q - a wand of flame (28)
 y - a wand of mindburst (7)
Scrolls
 b - a scroll of fear
 i - 2 scrolls of poison
 l - 5 scrolls of vulnerability
 o - a scroll of silence
 r - a scroll of fog
Potions
 e - 2 potions of enlightenment
 f - 2 potions of haste
 g - 2 potions of invisibility
 m - 4 potions of curing {unknown}
 w - a potion of brilliance {unknown}
 B - a potion of degeneration {unknown}


   Skills:
 + Level 8.7 Fighting
 + Level 10.1(10.8) Axes
 + Level 6.7(9.8) Maces & Flails
 + Level 9.8 Armour
 + Level 3.7 Dodging
 + Level 1.4 Stealth
 + Level 1.1 Evocations


You had 10 spell levels left.
You didn't know any spells.
Your spell library was empty.

Dungeon Overview and Level Annotations

Branches:
Dungeon (9/15)             Temple (0/1) D:4            Lair (1/5) D:9
    Orc (0/2) D:9

Altars:
Ashenzari
Dithmenos
Hepliaklqana
Nemelex Xobeh
Yredelemnul


Innate Abilities, Weirdness & Mutations

You are immune to sickness and miasma.
Your stone body is resilient. (AC +8)
You are immune to poison.
You resist negative energy. (rN+)
You are resistant to electric shocks. (rElec)
You are resistant to unholy torment.
You are immune to petrification.
You are partially covered in iridescent scales. (AC +2)
Your skin changes colour to match your surroundings (Stealth+).
You expend magic power (3 MP) to strengthen your wands.


Message History

The yak gores you but does no damage.
The black mamba bites you but does no damage.
The yak gores you!
You completely miss the yak.
The yak is moderately wounded.
You hit the yak. You freeze the yak.
You hit the black mamba but do no damage.
You hit the yak. You freeze the yak.
The black mamba is no longer moving slowly.
The black mamba bites you!
* * * LOW HITPOINT WARNING * * *
The yak gores you but does no damage. x2
You hit the yak. You freeze the yak.
The yak is moderately wounded.
You hit the yak. You freeze the yak. You hit the yak. You freeze the yak.
You hit the black mamba but do no damage.
You hit the yak. You freeze the yak.
The black mamba bites you but does no damage.
The yak gores you but does no damage. The yak gores you!
* * * LOW HITPOINT WARNING * * *
The black mamba completely misses you.
The yak gores you but does no damage. x2
Your skin crawls.
You feel strong-willed.
The black mamba bites you but does no damage. x2
The yak gores you but does no damage. The yak gores you.
* * * LOW HITPOINT WARNING * * *
The yak completely misses you. The yak gores you but does no damage.
The black mamba bites you but does no damage.
The yak gores you.
* * * LOW HITPOINT WARNING * * *
The yak gores you.
* * * LOW HITPOINT WARNING * * *
You feel much better.
You feel the effects of Trog's Hand fading.
The black mamba bites you!
* * * LOW HITPOINT WARNING * * *
The yak gores you but does no damage. The yak gores you!
* * * LOW HITPOINT WARNING * * *
The black mamba bites you!
You die...

...##........# ..##
.............##....
#................##
#.#................
#...............#
#P..........#
#.....†...##
##..SYY†....#
#...Y@Y††...#
#............##
#..........<..#
#.............#
#.............#
#.............#
#..............#
#...............
............##


You could see a black mamba and 4 yaks.

Vanquished Creatures
  Gastronok (D:8)
  A centaur warrior (D:8)
  2 two-headed ogres
  Maurice (D:8)
  Jeremiah (D:6)
  A troll (D:9)
  Grinder (D:6)
  Prince Ribbit (D:5)
  A wyvern (D:9)
  A wraith (D:8)
  6 yaks (Lair:1)
  2 steam dragons
  Edmund (D:5)
  3 water moccasins
  3 orc warriors
  2 ice beasts (D:6)
  3 sky beasts
  3 black bears
  2 ogres
  2 centaurs
  2 kobold brigands
  3 bullfrogs
  5 scorpions
  5 wights (D:7)
  3 killer bees (D:9)
  4 howler monkeys
  2 hounds
  Crazy Yiuf (D:5)
  4 orc priests
  2 gnoll boudas (D:8)
  2 jellies
  4 iguanas
  7 orc wizards
  3 sleepcaps
  9 adders
  A shadow imp (D:8)
  A white imp (D:5)
  2 ufetubi
  A worm (D:4)
  A dart slug (D:1)
  21 orcs
  4 bats
  4 endoplasms
  3 giant cockroaches
  5 goblins
  7 hobgoblins
  7 jackals
  4 quokkas
  6 ball pythons
  5 frilled lizards
  11 kobolds
  6 rats
183 creatures vanquished.

Vanquished Creatures (others)
  An orc wizard (D:5)
1 creature vanquished.

Grand Total: 184 creatures vanquished

Notes
Turn   | Place    | Note
-------+----------+-------------------------------------------
     0 | D:1      | Gargoyl the Gargoyle Berserker began the quest for the Orb.
     0 | D:1      | Reached XP level 1. HP: 14/14 MP: 1/1
   165 | D:1      | Reached XP level 2. HP: 18/19 MP: 2/2
   322 | D:1      | Reached skill level 3 in Axes
   499 | D:1      | Reached XP level 3. HP: 24/24 MP: 3/3
   594 | D:1      | Reached skill level 1 in Maces & Flails
  1364 | D:2      | Reached XP level 4. HP: 29/29 MP: 4/4
  1857 | D:3      | Found a faded altar of an unknown god.
  1932 | D:3      | Reached ** piety under Trog
  2048 | D:3      | Found a basalt altar of Yredelemnul.
  2406 | D:4      | Reached XP level 5. HP: 25/33 MP: 5/5
  2510 | D:4      | Reached skill level 1 in Stealth
  2744 | D:4      | Found a staircase to the Ecumenical Temple.
  3050 | D:5      | Entered Level 5 of the Dungeon
  3050 | D:5      | Noticed Prince Ribbit
  3064 | D:5      | Killed Prince Ribbit
  3065 | D:5      | Reached XP level 6. HP: 33/39 MP: 6/6
  3143 | D:5      | Reached XP level 7. HP: 37/44 MP: 7/7
  3217 | D:5      | Found a broken altar of Ashenzari.
  3217 | D:5      | Found a hazy altar of Hepliaklqana.
  3247 | D:5      | Reached skill level 5 in Maces & Flails
  3319 | D:5      | Noticed Edmund
  3338 | D:5      | Killed Edmund
  3553 | D:5      | Reached skill level 5 in Fighting
  3588 | D:5      | Found a runed translucent door.
  3589 | D:5      | Noticed Crazy Yiuf
  3597 | D:5      | Killed Crazy Yiuf
  3598 | D:5      | Reached XP level 8. HP: 49/49 MP: 8/8
  3999 | D:6      | Noticed Grinder
  4023 | D:6      | Killed Grinder
  4024 | D:6      | Reached skill level 5 in Armour
  4052 | D:6      | Reached skill level 4 in Axes
  4088 | D:6      | Noticed Jeremiah
  4110 | D:6      | Killed Jeremiah
  4111 | D:6      | Reached XP level 9. HP: 55/55 MP: 9/9
  4163 | D:6      | Reached skill level 5 in Axes
  4269 | D:6      | Reached skill level 1 in Evocations
  4625 | D:7      | Reached skill level 6 in Axes
  4811 | D:7      | Reached skill level 7 in Axes
  5295 | D:8      | Noticed a centaur warrior
  5306 | D:8      | Killed a centaur warrior
  5307 | D:8      | Reached XP level 10. HP: 45/61 MP: 10/10
  5328 | D:8      | Noticed Gastronok
  5333 | D:8      | Reached skill level 8 in Axes
  5334 | D:8      | Noticed a two-headed ogre
  5347 | D:8      | Killed Gastronok
  5352 | D:8      | Killed a two-headed ogre
  5353 | D:8      | Reached skill level 9 in Axes
  5455 | D:8      | Noticed Maurice
  5468 | D:8      | Killed Maurice
  5520 | D:8      | Reached XP level 11. HP: 68/68 MP: 11/11
  5826 | D:9      | Found a staircase to the Orcish Mines.
  5828 | D:9      | Gained mutation: Your skin changes colour to match your
                  | surroundings (Stealth+). [potion of mutation]
  5828 | D:9      | Gained mutation: You are partially covered in iridescent
                  | scales. (AC +2) [potion of mutation]
  5828 | D:9      | Gained mutation: You expend magic power (3 MP) to
                  | strengthen your wands. [potion of mutation]
  5930 | D:9      | Noticed a two-headed ogre
  5954 | D:9      | Killed a two-headed ogre
  6076 | D:9      | Found a staircase to the Lair.
  6474 | D:9      | Found a shadowy altar of Dithmenos.
  6479 | D:9      | Found a sparkling altar of Nemelex Xobeh.
  6520 | Lair:1   | Entered Level 1 of the Lair of Beasts
  6531 | Lair:1   | Reached skill level 10 in Axes
  6539 | Lair:1   | Reached *** piety under Trog
  6555 | Lair:1   | Slain by a black mamba

Illustrated notes

Levels and vault maps discovered:
D:1:      evilmike_arrival_rings, layout_loops_ring, minmay_misc_feat_plants
D:2:      layout_basic
D:3:      layout_loops_ring, mainiacjoe_overflow_boulevard,
          shapermc_ecumenical_altar_starsandcircs, nicolae_elevator_lobby_plus
D:4:      layout_basic, minmay_temple_entry_enclosed_plants
D:5:      layout_basic, chequers_temple_overflow_statue_of_worship, uniq_edmund,
          uniq_crazy_yiuf_cottage, uniq_prince_ribbit1
D:6:      layout_gridville, amcnicky_mini_pool_small, eino_curves_02,
          uniq_grinder, uniq_jeremiah
D:7:      layout_rooms
D:8:      layout_basic, hangedman_minor_gate_pass, uniq_gastronok, uniq_maurice
D:9:      layout_long_grid, amethyst_overflow_temple_binary,
          grunt_lair_entry_orc_guard_hut, orc_0_dummy
Lair:1:   layout_hall_layers, minmay_shattered_shrine

Skill      XL: |  1  2  3  4  5  6  7  8  9 10 11 |
---------------+----------------------------------+-----
Axes           | 3 4 7 9 10 | 10.1
Maces & Flails | 1 2 4 5 6 |  6.7
Dodging        | 2 3 |  3.7
Fighting       | 4 5 6 8 |  8.7
Stealth        | 1 |  1.4
Armour         | 3 4 6 7 9 |  9.8
Evocations     | 1 |  1.1

Action                     |  1- 3 |  4- 6 |  7- 9 | 10-12 || total
---------------------------+-------+-------+-------+-------++-------
  Melee: Whip              |    92 |   140 |    35 |       ||   267
         Hand axe          |     4 |       |   309 |   212 ||   525
         Punch             |       |     1 |     4 |     3 ||     8
 Invoke: Trog's Hand       |       |     3 |     7 |     6 ||    16
         Berserk           |       |     3 |     6 |     4 ||    13
  Evoke: Wand              |       |       |     6 |       ||     6
    Use: Scroll            |     1 |     6 |     7 |     4 ||    18
         Potion            |       |       |       |     2 ||     2
   Stab: Sleeping          |     1 |       |       |       ||     1
 Armour: Animal skin       |    53 |    26 |       |       ||    79
         Plate armour      |       |    85 |   360 |   277 ||   722
  Dodge: Dodged            |    60 |    54 |   136 |    95 ||   345

Table legend: (Time is in decaauts)
 A = Elapsed time spent in this place.
 B = Non-inter-level travel time spent in this place.
 C = Inter-level travel time spent in this place.
 D = Time resting spent in this place.
 E = Time spent auto-exploring this place.
 F = Levels seen in this place.
 G = Mean time per level.
                   A        B        C        D        E       F      G
               +--------+--------+--------+--------+--------+-----+--------+
         Total |   6618 |   6348 |    270 |      9 |   4447 |  10 |  661.8 |
       Dungeon |   6584 |   6314 |    270 |      9 |   4447 |   9 |  731.6 |
          Lair |     33 |     33 |      0 |      0 |      0 |   1 |   33.0 |
               +--------+--------+--------+--------+--------+-----+--------+

Top non-repeatable levels by time:
     D:5: 891 daAuts
     D:1: 837 daAuts
     D:2: 780 daAuts
     D:3: 733 daAuts
     D:4: 701 daAuts
     D:7: 686 daAuts
     D:9: 682 daAuts
     D:6: 681 daAuts
     D:8: 589 daAuts
  Lair:1: 33 daAuts
